 Dungeon Crawl Stone Soup version 0.24.0-13-gcf9b3192b9 (webtiles) character file.

Game seed: 1137825695386534970, levelgen mode: deterministic

2767 Froggeryz the Basher (level 9, -2/48 HPs)
             Began as a Gargoyle Gladiator on Nov 9, 2019.
             Was a Believer of Okawaru.
             Slain by a hornet (13 damage)
             ... on level 8 of the Dungeon.
             The game lasted 00:10:10 (8364 turns).

Froggeryz the Basher (Gargoyle Gladiator)           Turns: 8364, Time: 00:10:10

Health: -2/48      AC: 10    Str: 23    XL:     9   Next: 69%
Magic:  9/9        EV: 12    Int: 12    God:    Okawaru [**....]
Gold:   477        SH:  0    Dex: 11    Spells: 8/8 levels left

rFire    . . .     SeeInvis .   a - +0 flail
rCold    . . .     Gourm    .   (no shield)
rNeg     + . .     Faith    .   B - +0 leather armour (curse)
rPois    ∞         Spirit   .   c - +0 helmet
rElec    +         Reflect  .   v - scarf {cloud immunity}
rCorr    .         Harm     .   (no gloves)
MR       .....                  (no boots)
Stlth    +.........             (no amulet)
HPRegen  0.16/turn              (no ring)
MPRegen  0.11/turn              (no ring)

@: mighty
A: negative energy resistance 1, electricity resistance, unbreathing,
petrification resistance, rot immunity, AC +6
a: Heroism, Renounce Religion


You were on level 8 of the Dungeon.
You worshipped Okawaru.
Okawaru was pleased with you.
You were not hungry.

You visited 2 branches of the dungeon, and saw 9 of its levels.
You also visited: Sewer.

You collected 477 gold pieces.

Inventory:

Hand Weapons
 a - a +0 flail (weapon)
Missiles
 g - 4 javelins (quivered)
 q - 21 poisoned darts
 E - 2 silver javelins
 F - 3 boomerangs of dispersal
Armour
 b - a +0 pair of gloves
 c - a +0 helmet (worn)
 v - a scarf of cloud immunity (worn)
 B - a cursed +0 leather armour (worn)
Jewellery
 o - an uncursed ring of protection from magic {unknown}
 t - an uncursed ring of protection from cold {unknown}
 D - a +3 ring of dexterity {unknown}
Wands
 d - a wand of iceblast (8)
 I - a wand of random effects (22)
 J - a wand of polymorph (9)
Scrolls
 e - 7 scrolls of teleportation
 h - 6 scrolls of identify {unknown}
 i - 3 scrolls of amnesia {unknown}
 k - 6 scrolls of fog {unknown}
 l - 6 scrolls of enchant armour {unknown}
 p - 3 scrolls of remove curse {unknown}
 s - 2 scrolls of enchant weapon {unknown}
 u - a scroll of magic mapping {unknown}
 y - 5 scrolls of fear {unknown}
 A - a scroll of blinking {unknown}
 C - a scroll of vulnerability {unknown}
 G - a scroll of acquirement {unknown}
Potions
 j - a potion of flight
 m - 2 potions of brilliance
 n - 2 potions of ambrosia {unknown}
 r - 2 potions of curing {unknown}
 w - a potion of magic {unknown}
 z - 2 potions of haste {unknown}
 H - a potion of mutation {unknown}
Comestibles
 f - 10 rations
 K - a chunk of flesh


   Skills:
 - Level 2.1 Fighting
 * Level 12.9 Maces & Flails
 - Level 1.7 Throwing
 - Level 2.4 Dodging


You had 8 spell levels left.
You didn't know any spells.
Your spell library contained the following spells:

 Spells                   Type           Power        Failure   Level  Hunger
 Animate Skeleton         Necr           N/A          36%         1    ##.....
 Apportation              Tloc           #.....       36%         1    ##.....
 Confusing Touch          Hex            #.....       36%         1    ##.....
 Summon Small Mammal      Summ           #...         36%         1    ##.....
 Confuse                  Hex            #.......     75%         3    ####...
 Gell's Gravitas          Tloc           #.........   75%         3    ####...
 Petrify                  Tmut/Erth      #.......     98%         4    #####..
 Metabolic Englaciation   Hex/Ice        #.........   100%        5    ######.
 Yara's Violent Unravell  Hex/Tmut       #.........   100%        5    ######.


Dungeon Overview and Level Annotations

Branches:
Dungeon (8/15)             Temple (1/1) D:6           Sewer (visited)
   Lair: D:8-11

Altars:
Ashenzari
Cheibriados
Gozag
Hepliaklqana
Okawaru
Qazlal
Ru
Sif Muna
Trog
Uskayaw
Vehumet
Yredelemnul

Shops:
D:5 !


Innate Abilities, Weirdness & Mutations

You are resistant to torment.
Your stone body is resilient. (AC +6)
You are immune to poison.
You resist negative energy. (rN+)
You are resistant to electric shocks. (rElec)
You can survive without breathing.
You are immune to petrification.
You are immune to rotting.


Message History

The hornet is moderately wounded.
The hornet stings you but does no damage.
You hit the hornet.
The hornet is moderately wounded.
The hornet stings you.
You are too injured to fight recklessly!
You feel very mighty all of a sudden. The hornet closely misses you.
You barely miss the hornet.
The hornet is moderately wounded.
The hornet stings you!
* * * LOW HITPOINT WARNING * * *
You closely miss the hornet.
The hornet is moderately wounded.
The hornet barely misses you. The hornet stings you.
* * * LOW HITPOINT WARNING * * *
You closely miss the hornet.
The hornet is moderately wounded.
The hornet stings you!
You die...

#.## # #. #..#####
# #. ##.....## #.
#####..#### #.##
##....## #.(#
####..##
#.############).##
#y...†............
#@.###############
#...# # #...### ##
###...# #. #.#.##
#. #.#..## #†
#.##..### ####.
#.###...####....
#.# ###..#......


You could see a hornet.

Vanquished Creatures
  Grinder (D:6)
  A wyvern (D:8)
  A hungry ghost (D:7)
  Menkaure (D:5)
  3 sky beasts
  4 ogres
  A necrophage (D:8)
  A centaur (D:7)
  A big kobold (Sewer)
  2 bullfrogs
  A wyvern zombie (D:7)
  A scorpion (D:7)
  2 howler monkeys
  A centaur zombie (D:6)
  2 crimson imps
  5 hounds
  2 centaur skeletons (D:4)
  A jelly (D:7)
  2 orc wizards
  6 orc priests
  4 worker ants
  An iguana (D:4)
  A hound zombie (D:8)
  A hound skeleton (D:7)
  A worker ant zombie (D:8)
  A howler monkey skeleton (D:7)
  2 gnolls (D:3)
  10 adders
  3 river rats (Sewer)
  4 shadow imps
  2 oozes
  3 worms
  5 dart slugs
  2 leopard geckos
  17 orcs
  2 ball pythons
  7 giant cockroaches
  4 goblins (D:1)
  7 hobgoblins
  2 jackals (D:3)
  16 kobolds
  A quokka (D:2)
  11 bats
  5 frilled lizards
  8 rats
159 creatures vanquished.

Notes
Turn   | Place    | Note
-------+----------+-------------------------------------------
     0 | D:1      | Froggeryz the Gargoyle Gladiator began the quest for the
                  | Orb.
     0 | D:1      | Reached XP level 1. HP: 12/12 MP: 1/1
   138 | D:1      | Reached XP level 2. HP: 16/17 MP: 2/2
   638 | D:1      | Reached skill level 4 in Maces & Flails
   702 | D:1      | Reached XP level 3. HP: 20/21 MP: 3/3
   939 | D:2      | Found a snail-covered altar of Cheibriados.
  1378 | D:2      | Reached XP level 4. HP: 19/26 MP: 4/4
  1452 | D:2      | Found a stormy altar of Qazlal.
  1612 | D:3      | Found a hazy altar of Hepliaklqana.
  1675 | D:3      | Reached skill level 5 in Maces & Flails
  1928 | D:3      | Noticed a sky beast
  1941 | D:3      | Killed a sky beast
  1941 | D:3      | Reached skill level 6 in Maces & Flails
  1941 | D:3      | Reached XP level 5. HP: 19/30 MP: 5/5
  2589 | D:3      | Found a faded altar of an unknown god.
  2837 | D:4      | Reached XP level 6. HP: 35/35 MP: 6/6
  2862 | D:4      | Noticed a sky beast
  2884 | D:4      | Killed a sky beast
  2884 | D:4      | Reached skill level 7 in Maces & Flails
  3393 | D:4      | Reached XP level 7. HP: 7/40 MP: 7/7
  3516 | D:4      | Reached skill level 8 in Maces & Flails
  3675 | D:4      | Found a sacrificial altar of Ru.
  4238 | D:5      | Entered Level 5 of the Dungeon
  4239 | D:5      | Found a glowing drain.
  4257 | Sewer    | Entered a sewer
  4782 | D:5      | Reached skill level 9 in Maces & Flails
  4790 | D:5      | HP: 2/40 [orc/cursed -2 war axe (2)]
  4794 | D:5      | Reached XP level 8. HP: 1/44 MP: 8/8
  5349 | D:5      | Found Ruixt's Distillery.
  6070 | D:6      | Noticed Menkaure
  6106 | D:6      | Noticed Grinder
  6174 | D:5      | Killed Menkaure
  6174 | D:5      | Reached skill level 10 in Maces & Flails
  6399 | D:6      | Found a staircase to the Ecumenical Temple.
  6433 | Temple   | Entered the Ecumenical Temple
  6440 | Temple   | Became a worshipper of Warmaster Okawaru
  7004 | D:6      | Paralysed by Grinder for 6 turns
  7033 | D:6      | Killed Grinder
  7033 | D:6      | Reached * piety under Okawaru
  7033 | D:6      | Reached skill level 11 in Maces & Flails
  7218 | D:7      | Reached XP level 9. HP: 45/48 MP: 9/9
  7251 | D:7      | Found an opulent altar of Gozag.
  7363 | D:7      | Reached skill level 12 in Maces & Flails
  7391 | D:7      | Reached ** piety under Okawaru
  8271 | D:8      | Noticed a hornet
  8364 | D:8      | Slain by a hornet

Levels and vault maps discovered:
D:1:      roderic_crop_circles_arrival_small, layout_basic
D:2:      layout_loops_cross, marbit_many_paths, nicolae_overflow_crystal_walls,
          grunt_decor_one_mirror, minmay_randomly_rotated_circles
D:3:      layout_loops_ring, lemuel_round_altar,
          chequers_ecumenical_altar_simple_redux
D:4:      minmay_inner_zag, layout_basic, nicolae_ru_awakened_eye
D:5:      layout_basic, serial_shops, shop, cheibrodos_sewer_entry_drain,
          first_ration, kennysheep_diamond
D:6:      layout_rooms, minmay_temple_entry_arrows, minmay_misc_feat_five,
          uniq_grinder, uniq_menkaure
D:7:      layout_rooms, grunt_gozag_statues
D:8:      layout_rooms
Temple:   cyrus_circular_temple

Skill      XL: |  1  2  3  4  5  6  7  8  9 |
---------------+----------------------------+-----
Maces & Flails | 4 6 7 9 11 12 | 12.9
Fighting       | |  2.1
Throwing       | |  1.7
Dodging        | |  2.4

Action                   |  1- 3 |  4- 6 |  7- 9 || total
-------------------------+-------+-------+-------++-------
Melee: Flail             |   118 |   166 |   478 ||   762
Throw: Throwing net      |       |     1 |     7 ||     8
       Javelin           |       |       |     2 ||     2
  Use: Scroll            |       |     1 |       ||     1
       Potion            |       |       |     8 ||     8
 Stab: Held in net/web   |       |     1 |     4 ||     5
  Eat: Chunk             |     1 |     7 |    15 ||    23
       Ration            |       |       |     1 ||     1
Armor: Leather armour    |    63 |    69 |   152 ||   284
Dodge: Dodged            |    93 |   119 |   262 ||   474
